 Dungeon Crawl Stone Soup version 0.30-a0-341-g682706514a (webtiles) character file.

Game seed: 17414312236136486468

390 Bnni the Digger (level 6, -4/39 HPs)
             Began as an Octopode Earth Elementalist on Nov 2, 2022.
             Was an Initiate of Gozag.
             Slain by Harunobu's ghost (7 damage)
             ... on level 4 of the Dungeon.
             The game lasted 00:05:15 (3132 turns).

Bnni the Digger (Octopode Earth Elementalist)       Turns: 3132, Time: 00:05:16

Health: -4/39      AC:  1    Str:  7    XL:     6   Next: 80%
Magic:  6/10       EV: 13    Int: 20    God:    Gozag
Gold:   117        SH:  0    Dex: 12    Spells: 4/10 levels left

rFire   . . .      SeeInvis .    e - staff of earth
rCold   . . .      Faith    .    (no shield)
rNeg    . . .      Spirit   .    (helmet restricted)
rPois   .          Reflect  .    (no amulet)
rElec   .          Harm     .    (no ring)
rCorr   .          Rampage  .    (no ring)
Will    .....                    (no ring)
Stlth   +++.......               (no ring)
HPRegen 0.26/turn                (no ring)
MPRegen 0.12/turn                (no ring)
                                 (no ring)
                                 (no ring)

@: hasted, very quick
A: almost no armour, amphibious, 8 rings, camouflage 1, gelatinous body 1,
(nimble swimmer 1), tentacles
a: Renounce Religion, Potion Petition, Call Merchant, Bribe Branch


You were on level 4 of the Dungeon.
You worshipped Gozag.
Gozag was aware of your devotion.
You visited 1 branch of the dungeon, and saw 4 of its levels.

You collected 190 gold pieces.
You paid 73 gold pieces to Gozag.

Inventory:

Hand Weapons
 b - a +0 dagger
Magical Staves
 e - a staff of earth (weapon)
Jewellery
 f - a ring of magical power
Scrolls
 c - a scroll of blinking {unknown}
 g - a scroll of immolation {unknown}
 i - a scroll of enchant weapon {unknown}
 j - 3 scrolls of teleportation {unknown}
 k - 2 scrolls of amnesia {unknown}
 l - a scroll of poison {unknown}
 m - a scroll of torment {unknown}
 q - a scroll of magic mapping {unknown}
Potions
 a - a potion of magic
 d - 2 potions of haste
 n - a potion of attraction
 o - a potion of might
 p - a potion of heal wounds {unknown}
 r - a potion of invisibility {unknown}


   Skills:
 + Level 2.2 Fighting
 - Level 2.0 Dodging
 - Level 3.3 Stealth
 + Level 2.9 Spellcasting
 * Level 2.5 Conjurations
 - Level 3.0 Transmutations
 * Level 4.7 Earth Magic


You had 4 spell levels left.
You knew the following spells:

 Your Spells              Type           Power      Damage    Failure   Level
a - Sandblast             Erth           64%        2d14      1%          1
b - Stone Arrow           Conj/Erth      52%        3d10      10%         3
c - Passwall              Tmut/Erth      22%        N/A       4%          2

Your spell library contained the following spells:

 Spells                   Type           Power      Damage    Failure   Level
 Shock                    Conj/Air       32%        1d5       9%          1
 Petrify                  Tmut/Erth      27%        N/A       28%         4
 Swiftness                Air            2%         N/A       41%         3
 Airstrike                Air            1%         2d(1-17)  82%         4


Dungeon Overview and Level Annotations

Branches:
Dungeon (4/15)
 Temple: D:4-7

Altars:
Ashenzari
Gozag
Yredelemnul
Zin

Annotations:
D:4 Harunobu's ghost, amateur GrMo


Innate Abilities, Weirdness & Mutations

You cannot wear most types of armour.
You are amphibious.
You can wear up to eight rings at the same time.
Your skin changes colour to match your surroundings (Stealth+).
Your rubbery body absorbs attacks. (AC +1, EV +1)
((You are camouflaged when in or above water. (Stealth+)))
You have tentacles for arms and can constrict up to eight enemies at once.


Message History

You feel a surge of power!
The blast of sand hits Harunobu's ghost but does no damage.
Harunobu's ghost is moderately damaged.
Harunobu's ghost hits you. Harunobu's ghost misses you.
Unknown command.
Magic courses through your body. Harunobu's ghost hits you.
Casting: Sandblast (safe; 1% risk of failure)
Confirm with . or Enter, or press ? or * to list all spells.
Aiming: Sandblast (safe; 1% risk of failure)
Press: ? - help, Shift-Dir - straight line, f/p - Harunobu's ghost
Aim: Harunobu's ghost (moderately damaged, 90% to hit)
You feel a surge of power!
The blast of sand hits Harunobu's ghost.
Harunobu's ghost is moderately damaged.
Harunobu's ghost hits you!
Aiming: Sandblast (safe; 1% risk of failure)
Press: ? - help, Q - select action, (/) - cycle Shift-Dir - straight line, f/p - Harunobu's ghost
Aim: Harunobu's ghost (moderately damaged, 90% to hit)
You feel a surge of power!
The blast of sand misses Harunobu's ghost.
Harunobu's ghost hits you!
* * * LOW HITPOINT WARNING * * *
Harunobu's ghost screams, "I'll kill anyone who wants the ORB!"
Harunobu's ghost misses you.
Casting: Sandblast (safe; 1% risk of failure)
Confirm with . or Enter, or press ? or * to list all spells.
Okay, then.
Casting: Sandblast (safe; 1% risk of failure)
Confirm with . or Enter, or press ? or * to list all spells.
Aiming: Stone Arrow (dangerous; 10% risk of failure)
Press: ? - help, Shift-Dir - straight line, f/p - Harunobu's ghost
Aim: Harunobu's ghost (moderately damaged, 83% to hit)
You feel a surge of power!
The stone arrow hits Harunobu's ghost but does no damage.
Harunobu's ghost is moderately damaged.
Harunobu's ghost hits you!
* * * LOW HITPOINT WARNING * * *
You feel yourself speed up. Harunobu's ghost hits you!
You die...
Your body crumbles into a pile of gold.

# #..# ##.......###. ### #.##
##.......###.. ..# ###.#
#........# #.# #.##
###...#####........# #.# #..#
###...####....#.<...## #.#
##.#
#...######.####...)#####[#
#.# #.### ##...##...####
#...# #.# ###.#####.......###
#.### #.###..........@....##
###.# #......#####...#W#...##
#...#
###.......##...##.##...##
#.#####
......###.#...##...##...###.#
#. .##.###
#.#..##.....##..##..# #.
..#.#
#....#⌠.!♣?.⌠#..##..####.
..#.#
##...##.....##..###......
#...# #....##...##...#
###.... ...###
##....##⌠##...####...##.


You could see Harunobu's ghost.

Vanquished Creatures
  2 ogres (D:4)
  A scorpion (D:4)
  A howler monkey (D:4)
  A jelly (D:4)
  3 adders
  A worm (D:2)
  4 dart slugs
  2 orcs
  7 endoplasms
  A giant cockroach (D:4)
  4 goblins
  5 hobgoblins
  5 jackals
  4 quokkas
  6 ball pythons
  4 bats
  5 frilled lizards
  2 kobolds (D:1)
  5 rats (D:1)
63 creatures vanquished.

Notes
Turn   | Place    | Note
-------+----------+-------------------------------------------
     0 | D:1      | Bnni the Octopode Earth Elementalist began the quest for
                  | the Orb.
     0 | D:1      | Reached XP level 1. HP: 11/11 MP: 3/3
   244 | D:1      | Reached XP level 2. HP: 17/17 MP: 5/5
   393 | D:1      | Found a faded altar of an unknown god.
   917 | D:2      | Reached XP level 3. HP: 22/22 MP: 3/6
  1010 | D:2      | Found a broken altar of Ashenzari.
  1582 | D:3      | Learned a level 3 spell: Stone Arrow
  1585 | D:3      | Learned a level 2 spell: Passwall
  1642 | D:3      | Reached skill level 1 in Fighting
  1642 | D:3      | Reached XP level 4. HP: 28/28 MP: 5/7
  2238 | D:4      | Noticed Harunobu's ghost (amateur GrMo)
  2241 | D:4      | Found a runed translucent door.
  2303 | D:4      | Noticed a scorpion
  2307 | D:4      | Killed a scorpion
  2308 | D:4      | Reached skill level 1 in Conjurations
  2308 | D:4      | Reached skill level 4 in Earth Magic
  2308 | D:4      | Reached XP level 5. HP: 33/33 MP: 5/8
  2384 | D:4      | Noticed an ogre
  2390 | D:4      | Killed an ogre
  2394 | D:4      | Reached XP level 6. HP: 34/39 MP: 3/10
  2884 | D:4      | Found a glowing silver altar of Zin.
  3066 | D:4      | Found an opulent altar of Gozag.
  3067 | D:4      | Found a basalt altar of Yredelemnul.
  3071 | D:4      | Became a worshipper of Gozag Ym Sagoz the Greedy
  3132 | D:4      | Slain by Harunobu's ghost

Illustrated notes

Levels and vault maps discovered:
D:1:      minmay_arrival_nine_rooms, layout_loops_ring,
          shapermc_ecumenical_altar_mp_vishouse
D:2:      layout_rooms, basic_altar
D:3:      layout_loops_ring, minivault_23
D:4:      layout_rooms, gammafunk_temple_overflow_statue, zin_treasury,
          hellmonk_ghost_happy_afterlife, chequers_serial_rivers_marsh

Skill      XL: |  1  2  3  4  5  6 |
---------------+-------------------+-----
Stealth        | 3 |  3.3
Transmutations | 2 3 |  3.0
Fighting       | 1 2 |  2.2
Conjurations   | 1 2 |  2.5
Earth Magic    | 4 |  4.7
Dodging        | |  2.0
Spellcasting   | |  2.9

Action                   |  1- 3 |  4- 6 || total
-------------------------+-------+-------++-------
Melee: Dagger            |    25 |       ||    25
       Constrict         |    13 |     3 ||    16
       Tentacles         |     9 |       ||     9
       Unarmed           |     3 |       ||     3
       Punch             |     2 |       ||     2
       Staff             |    17 |     6 ||    23
 Cast: Sandblast         |    22 |    34 ||    56
       Stone Arrow       |       |     4 ||     4
  Use: Scroll            |       |     3 ||     3
       Potion            |       |     2 ||     2
 Stab: Sleeping          |     8 |       ||     8
Armor: Skin              |     4 |       ||     4
Dodge: Dodged            |    33 |    11 ||    44

Table legend: (Time is in decaauts)
 A = Elapsed time spent in this place.
 B = Non-inter-level travel time spent in this place.
 C = Inter-level travel time spent in this place.
 D = Time resting spent in this place.
 E = Time spent auto-exploring this place.
 F = Levels seen in this place.
 G = Mean time per level.
                   A        B        C        D        E       F      G
               +--------+--------+--------+--------+--------+-----+--------+
         Total |   3162 |   3089 |     73 |    100 |   2588 |   4 |  790.5 |
       Dungeon |   3162 |   3089 |     73 |    100 |   2588 |   4 |  790.5 |
               +--------+--------+--------+--------+--------+-----+--------+

Top non-repeatable levels by time:
     D:4: 949 daAuts
     D:1: 896 daAuts
     D:3: 743 daAuts
     D:2: 573 daAuts
